 Dungeon Crawl Stone Soup version 0.31-a0-986-g5e6e4ef867 (webtiles) character file.

Game seed: 113688316533459100

319 Dittersdorf the Trooper (level 6, -10/49 HPs)
             Began as a Human Fighter on Nov 7, 2023.
             Was an Initiate of Gozag.
             Mangled by a gnoll
             ... wielding a +4 flail of protection
             ... led by a gnoll bouda
              (15 damage)
             ... on level 3 of the Dungeon.
             The game lasted 00:03:09 (2124 turns).

Dittersdorf the Trooper (Human Fighter)             Turns: 2124, Time: 00:03:09

Health: -10/49     AC: 10    Str: 19    XL:     6   Next: 74%
Magic:  6/6        EV:  9    Int: 11    God:    Gozag
Gold:   155        SH:  5    Dex: 16    Spells: 5/5 levels left

rFire   . . .        j - +7 dagger of Ycoulopp {holy, Int+3 Dex+4}
rCold   . . .        c - +0 buckler
rNeg    . . .        b - +0 scale mail
rPois   .            (no helmet)
rElec   .            m - +2 cloak
rCorr   .            (no gloves)
SInv    .            (no boots)
Will    .....        (no amulet)
Stlth   +            (no ring)
HPRegen 0.28/turn    (no ring)
MPRegen 0.10/turn

%: no passive effects
@: no status effects
A: no striking features
a: Renounce Religion, Potion Petition, Call Merchant, Bribe Branch


You were on level 3 of the Dungeon.
You worshipped Gozag.
Gozag was aware of your devotion.
You visited 1 branch of the dungeon, and saw 4 of its levels.

You collected 192 gold pieces.
You paid 37 gold pieces to Gozag.

Inventory:

Hand Weapons
 a - a +1 long sword
 j - the +7 dagger of Ycoulopp (weapon) {holy, Int+3 Dex+4}
   (You found it on level 2 of the Dungeon)

   Int+3:     It affects your intelligence (+3).
   Dex+4:     It affects your dexterity (+4).
Armour
 b - a +0 scale mail (worn)
 c - a +0 buckler (worn)
 m - a +2 cloak (worn)
 n - a +0 crystal plate armour
Wands
 s - a wand of light (8) (quivered)
Scrolls
 e - 3 scrolls of blinking
 f - 2 scrolls of teleportation
Potions
 d - a potion of might
 k - a potion of heal wounds
 o - a potion of curing
 t - a potion of enlightenment


   Skills:
 + Level 4.3 Fighting
 + Level 2.4(3.0) Short Blades
 - Level 2.3(2.9) Long Blades
 - Level 3.3 Armour
 + Level 2.7 Stealth
 + Level 4.3 Shields


You had 5 spell levels left.
You didn't know any spells.
Your spell library contained the following spells:

 Spells                   Type           Power      Damage    Failure   Level
 Necrotise                Necr           0%         1d4       78%         1
 Slow                     Hex            0%         N/A       78%         1
 Confusing Touch          Hex            0%         N/A       98%         3
 Gell's Gravitas          Tloc           0%         N/A       98%         3
 Sigil of Binding         Hex            0%         N/A       98%         3
 Teleport Other           Tloc           0%         N/A       98%         3
 Vampiric Draining        Necr           0%         2d6       98%         3
 Agony                    Necr           0%         N/A       100%        5
 Dispersal                Tloc           0%         N/A       100%        6


Dungeon Overview and Level Annotations

Branches:
Dungeon (4/15)
 Temple: D:4-7

Altars:
Ashenzari
Gozag
Vehumet


Message History

You kill the gnoll!
You now have 155 gold pieces (gained 9).
You see here a +0 whip.
There is a stone staircase leading down here.
Okay, then.
You climb downwards.
You hear the hiss of flowing sand.
There is an entrance to an ossuary on this level.
Hurry and find it before the portal is buried!
You block the adder's attack.
The gnoll hits you with a +4 flail of protection.
The gnoll hits you but does no damage. The endoplasm completely misses you.
The adder bites you but does no damage. The gnoll hits you but does no damage.
You block the gnoll's attack.
The gnoll bouda barks out a call to the hunt!
The gnolls pick up the pace!
The endoplasm freezes you.
You are frozen.
There is a stone staircase leading up here.
The adder completely misses you.
The gnoll hits you with a +4 flail of protection.
* * * LOW HITPOINT WARNING * * *
The gnoll hits you with a +0 club.
* * * LOW HITPOINT WARNING * * *
The endoplasm hits you but does no damage.
You climb upwards.
There is a stone staircase leading down here.
You closely miss the gnoll.
The gnoll hits you with a +4 flail of protection.
* * * LOW HITPOINT WARNING * * *
The gnoll hits you but does no damage.
You hit the gnoll but do no damage.
The adder is distracted by your dazzling golden aura.
You block the gnoll's attack. The gnoll hits you but does no damage.
You barely miss the gnoll.
The adder hisses angrily.
You block the gnoll's attack. The gnoll hits you but does no damage.
You hit the gnoll but do no damage.
The gnoll hits you with a +4 flail of protection!
You die...
Your body crumbles into a pile of gold.

# # ########
.......# ######.#
#....#.######
#.##.#.#....######
..............Jg@#
#..#.###.#..####g#
...#.#...#..# #S#
...#.#.###..# #.#
..<..#.# #..# #.#
.#####.# #..# #.#
.......###..# #.#
#####.......# #.#
#####.#####.####.#


You could see 2 gnolls, an adder and an endoplasm.

Vanquished Creatures
  Grinder (D:3)
  A hound (D:4)
  Terence (D:2)
  A gnoll (D:3)
  A worm (D:2)
  A dart slug (D:1)
  4 orcs (D:4)
  3 ball pythons
  6 endoplasms
  3 giant cockroaches
  A goblin (D:1)
  7 hobgoblins
  2 jackals (D:3)
  A kobold (D:2)
  A quokka (D:1)
  5 bats
  A frilled lizard (D:1)
  5 rats
45 creatures vanquished.

Vanquished Creatures (collateral kills)
  An adder (D:4)
  A hobgoblin (D:4)
2 creatures vanquished.

Grand Total: 47 creatures vanquished

Notes
Turn   | Place    | Note
-------+----------+-------------------------------------------
     0 | D:1      | Dittersdorf the Human Fighter began the quest for the Orb.
     0 | D:1      | Reached XP level 1. HP: 18/18 MP: 1/1
    37 | D:1      | Reached XP level 2. HP: 22/24 MP: 2/2
   139 | D:1      | Reached XP level 3. HP: 22/29 MP: 3/3
   475 | D:2      | Found a broken altar of Ashenzari.
   519 | D:2      | Identified the +7 dagger of Ycoulopp {holy, Int+3 Dex+4}
  1176 | D:3      | Noticed Terence
  1191 | D:2      | Killed Terence
  1192 | D:2      | Reached skill level 1 in Stealth
  1192 | D:2      | Reached XP level 4. HP: 22/35 MP: 4/4
  1324 | D:3      | Noticed Grinder
  1332 | D:3      | Paralysed by Grinder for 2 turns
  1335 | D:3      | Killed Grinder
  1336 | D:3      | Reached XP level 5. HP: 31/42 MP: 5/5
  1336 | D:3      | Reached XP level 6. HP: 35/48 MP: 6/6
  1386 | D:3      | Found an opulent altar of Gozag.
  1394 | D:3      | Became a worshipper of Gozag Ym Sagoz the Greedy
  1472 | D:3      | Found a radiant altar of Vehumet.
  2124 | D:3      | Mangled by a gnoll

Illustrated notes

Levels and vault maps discovered:
D:1:      scummos_arrival_checkerplants, layout_rooms
D:2:      layout_basic, basic_altar
D:3:      layout_basic, mainiacjoe_overflow_catch_the_wave, uniq_grinder,
          uniq_terence
D:4:      layout_layer_cave, nicolae_ru_sacrificial_ziggurat, enter_ossuary_2

Skill      XL: |  1  2  3  4 |
---------------+-------------+-----
Stealth        | 1 2 |  2.7
Fighting       | 4 |  4.3
Short Blades   | 2 |  2.4
Shields        | 4 |  4.3
Long Blades    | |  2.3
Armour         | |  3.3

Action                     |  1- 3 |  4- 6 || total
---------------------------+-------+-------++-------
  Melee: Long sword        |    80 |       ||    80
         Dagger            |    30 |    39 ||    69
  Evoke: Wand              |       |     1 ||     1
    Use: Scroll            |       |    12 ||    12
   Stab: Distracted        |       |     2 ||     2
 Armour: Scale mail        |    90 |    47 ||   137
  Dodge: Dodged            |    67 |    23 ||    90
  Block: Buckler           |    24 |    14 ||    38

Table legend: (Time is in decaauts)
 A = Elapsed time spent in this place.
 B = Non-inter-level travel time spent in this place.
 C = Inter-level travel time spent in this place.
 D = Time resting spent in this place.
 E = Time spent auto-exploring this place.
 F = Levels seen in this place.
 G = Mean time per level.
                   A        B        C        D        E       F      G
               +--------+--------+--------+--------+--------+-----+--------+
         Total |   2147 |   2026 |    121 |     54 |   1566 |   4 |  536.8 |
       Dungeon |   2147 |   2026 |    121 |     54 |   1566 |   4 |  536.8 |
               +--------+--------+--------+--------+--------+-----+--------+

Top non-repeatable levels by time:
     D:3: 794 daAuts
     D:2: 765 daAuts
     D:1: 513 daAuts
     D:4: 74 daAuts
